 Dungeon Crawl Stone Soup version 0.20-a0-1122-gb7cbeb9 (webtiles) character file.

133 Manul the Ruffian (level 5, 0/46 HPs)
             Began as a Ghoul Monk on May 12, 2017.
             Slain by a giant cockroach (2 damage)
             ... on level 3 of the Dungeon on May 13, 2017.
             The game lasted 00:03:11 (2310 turns).

Manul the Ruffian (Ghoul Monk)                      Turns: 2310, Time: 00:03:12

Health: 0/46       AC:  3    Str: 15 (16) XL:     5   Next: 16%
Magic:  4/4        EV: 13    Int:  2 (5)  God:
Gold:   132        SH:  0    Dex: 11      Spells: 4/4 levels left

rFire    . . .     SeeInvis .     - Unarmed
rCold    + + .     Gourm    .   (no shield)
rNeg     + + +     Faith    .   a - +0 robe
rPois    ∞         Spirit   .   j - +0 helmet
rElec    .         Reflect  .   (no cloak)
rCorr    .         Harm     .   (no gloves)
MR       .....                  (no boots)
Stlth    ++........             (no amulet)
Regen    0.0/turn               i - ring of wizardry
MPRegen  0.1/turn               l - ring of protection from cold

@: rotting
A: rotting body, claws 1, carnivore 3, cold resistance 1, negative energy
resistance 3, inhibited regeneration, torment resistance, unbreathing
a: no special abilities


You were on level 3 of the Dungeon.
You were not hungry.

You visited 1 branch of the dungeon, and saw 3 of its levels.

You collected 132 gold pieces.

Inventory:

Armour
 a - a +0 robe (worn)
 j - a +0 helmet (worn)
Jewellery
 h - an uncursed ring of ice
 i - a ring of wizardry (left claw)
 l - a ring of protection from cold (right claw)
Scrolls
 c - a scroll of remove curse {unknown}
 f - a scroll of fog {unknown}
 o - a scroll of teleportation {unknown}
 p - a scroll of enchant weapon {unknown}
 q - a scroll of enchant armour {unknown}
Potions
 d - a potion of brilliance {unknown}
 g - a potion of curing {unknown}
 k - a potion of flight {unknown}
 m - a potion of mutation
Comestibles
 b - 2 meat rations
 n - 8 chunks of flesh


   Skills:
 + Level 3.8 Fighting
 + Level 3.4 Dodging
 + Level 3.1 Stealth
 + Level 4.8 Unarmed Combat


You had 4 spell levels left.
You didn't know any spells.

Dungeon Overview and Level Annotations

Branches:
Dungeon (3/15)

Altars:


Innate Abilities, Weirdness & Mutations

Your body is rotting away.
You thrive on raw meat.
You are immune to poison.
You have sharp fingernails.
You are carnivorous and can eat meat at any time.
Your flesh is cold resistant. (rC+)
You are immune to negative energy. (rN+++)
You do not regenerate when monsters are visible.
You are immune to unholy pain and torment.
You can survive without breathing.


Message History

It was a potion of mutation.
You feel extremely strange.
Your body decomposes!
You feel weakened.
Your body decomposes!
You feel dopey.
Your body decomposes!
You feel dopey.
Your body decomposes!
You feel dopey. The orc closely misses you.
The orc wizard hits you with a dagger.
* * * LOW HITPOINT WARNING * * *
The orc hits you with a short sword.
* * * LOW HITPOINT WARNING * * *
The giant cockroach barely misses you.
It was a potion of berserk rage.
You cannot raise a blood rage in your lifeless body.
The orc hits you with a hand axe.
* * * LOW HITPOINT WARNING * * *
The giant cockroach bites you.
You die...

..........##.##..........#
#.#.......##.##.#.#...##.#
#=###.###.##.##.#.#...# #
..........##.##.#.#...#
#.#................ ...
#................ .
#.###..#o.##.##.# #
#.)#oo##.# #..os@# #
#..#o## #..#<# #..#[#
...#.. ....... ###.#. #.


You could see an orc wizard, 4 orcs and a giant cockroach.

Vanquished Creatures
  3 gnolls (D:2)
  2 adders
  An ooze (D:1)
  A worm (D:3)
  3 dart slugs
  2 leopard geckos
  4 orcs (D:3)
  A ball python (D:2)
  A giant cockroach (D:2)
  11 goblins
  6 hobgoblins
  7 kobolds
  2 quokkas
  12 bats
  3 frilled lizards
  8 rats
67 creatures vanquished.

Notes
Turn   | Place    | Note
-------+----------+-------------------------------------------
     0 | D:1      | Manul the Ghoul Monk began the quest for the Orb.
     0 | D:1      | Reached XP level 1. HP: 19/19 MP: 0/0
    78 | D:1      | Reached XP level 2. HP: 19/26 MP: 1/1
   469 | D:1      | Reached XP level 3. HP: 14/31 MP: 2/2
  1132 | D:2      | Reached skill level 4 in Unarmed Combat
  1199 | D:2      | Reached XP level 4. HP: 34/39 MP: 3/3
  1837 | D:3      | Reached XP level 5. HP: 34/46 MP: 4/4
  2310 | D:3      | HP: 2/46 [orc/hand axe (5)]
  2310 | D:3      | Slain by a giant cockroach

Vault maps used:
D:1:      scummos_arrival_forest, minmay_heptomino_o4
D:2:      grunt_ministairs_12
D:3:      nicolae_ru_sacrificial_ziggurat

Skill      XL: |  1  2  3  4 |
---------------+-------------+-----
Dodging        | 3 |  3.4
Unarmed Combat | 4 |  4.8
Stealth        | 3 |  3.1
Fighting       | |  3.8

Action                   |  1- 3 |  4- 6 || total
-------------------------+-------+-------++-------
Melee: Unarmed           |   106 |    98 ||   204
       Punch             |       |     2 ||     2
  Use: Potion            |       |     2 ||     2
 Stab: Sleeping          |     5 |     3 ||     8
  Eat: Chunk             |       |     5 ||     5
Armor: Robe              |    31 |    18 ||    49
Dodge: Dodged            |    71 |    69 ||   140
